 Dungeon Crawl Stone Soup version 0.32-a0-290-g598725c5f2 (webtiles) character file.

Game seed: 6357811673820034769

10466 jasper the Severer (level 11, 0/95 HPs)
             Began as a Mountain Dwarf Fighter on Feb 13, 2024.
             Was a Priest of Wu Jian.
             Slain by a merfolk
             ... wielding a +0 trident
              (16 damage)
             ... on level 11 of the Dungeon.
             The game lasted 00:18:09 (11405 turns).

jasper the Severer (Mountain Dwarf Fighter)        Turns: 11405, Time: 00:18:10

Health: 0/95       AC: 17    Str: 24    XL:     11   Next: 36%
Magic:  0/11       EV:  4    Int:  8    God:    Wu Jian [***...]
Gold:   333        SH:  0    Dex:  9    Spells: 10/10 levels left

rFire   . . .        j - +1 battleaxe (protect)
rCold   . . .        (shield currently unavailable)
rNeg    . . .        L - +0 plate armour
rPois   .            (no helmet)
rElec   .            p - +0 cloak
rCorr   +            (no gloves)
SInv    .            r - +1 pair of boots
Will    +....        h - amulet of guardian spirit Stlth
                     w - ring of resist corrosion
HPRegen 0.35/turn    C - ring of flight
MPRegen 0.12/turn

%: guardian spirit
@: flying, held
A: runic magic, artefact enchanting
a: Renounce Religion, Wall Jump, Serpent's Lash


You were on level 11 of the Dungeon.
You worshipped Wu Jian.
Wu Jian was most pleased with you.
You visited 1 branch of the dungeon, and saw 11 of its levels.

You collected 411 gold pieces.
You spent 78 gold pieces at shops.

Inventory:

Hand Weapons
 a - a +0 war axe
 d - a +1 hand axe of venom
 j - a +1 battleaxe of protection (weapon)
 k - a +0 morningstar
 t - a +0 morningstar of protection
 B - a +0 flail
 F - a +8 trident of holy wrath
 H - a +0 broad axe
Missiles
 m - 61 stones (quivered)
 q - 5 throwing nets
 x - 15 poisoned darts
Armour
 b - a +0 scale mail
 c - a +0 buckler
 p - a +0 cloak (worn)
 r - a +1 pair of boots (worn)
 J - a +0 chain mail
 L - a +0 plate armour (worn)
Jewellery
 h - an amulet of guardian spirit (around neck)
 w - a ring of resist corrosion (left hand)
 C - a ring of flight (right hand)
Wands
 s - a wand of roots (2)
 u - a wand of flame (28)
Scrolls
 n - a scroll of brand weapon
 v - a scroll of amnesia
 y - a scroll of fear
 A - a scroll of enchant armour
 D - a scroll of fog
 K - 2 scrolls of enchant weapon
 N - a scroll of teleportation
Potions
 e - 3 potions of magic
 f - a potion of ambrosia
 g - 2 potions of curing
 i - 4 potions of lignification
 l - a potion of brilliance
 o - 2 potions of attraction
 z - a potion of heal wounds
 E - a potion of cancellation
 G - a potion of invisibility {unknown}
 I - 2 potions of mutation {unknown}
 M - a potion of enlightenment {unknown}
 P - a potion of resistance {unknown}


   Skills:
 + Level 8.8 Fighting
 * Level 17.2 Axes
 + Level 8.8 Armour
 - Level 3.2 Shields


You had 10 spell levels left.
You didn't know any spells.
Your spell library contained the following spells:

 Spells                   Type           Power      Damage    Failure   Level
 Freeze                   Ice            0%         1d3       63%         1
 Magic Dart               Conj           0%         1d3       63%         1
 Lesser Beckoning         Tloc           0%         N/A       77%         2
 Searing Ray              Conj           0%         2d4       77%         2
 Frozen Ramparts          Ice            0%         1d1       94%         3
 Gell's Gravitas          Tloc           0%         N/A       94%         3
 Hailstorm                Conj/Ice       0%         3d5       94%         3
 Ozocubu's Armour         Ice            0%         N/A       94%         3
 Teleport Other           Tloc           0%         N/A       94%         3
 Tukima's Dance           Hex            0%         N/A       94%         3
 Animate Armour           Summ/Erth      0%         N/A       100%        4
 Fulminant Prism          Conj/Alch      0%         3d5       100%        4
 Passage of Golubria      Tloc           0%         N/A       100%        4
 Summon Lightning Spire   Summ/Air       0%         N/A       100%        4
 Lee's Rapid Deconstruct  Erth           0%         3d4*      100%        5
 Metabolic Englaciation   Hex/Ice        0%         N/A       100%        5
 Silence                  Hex/Air        0%         N/A       100%        5
 Yara's Violent Unravell  Hex/Alch       0%         3d3       100%        5
 Sculpt Simulacrum        Ice/Alch       0%         N/A       100%        6
 Lehudib's Crystal Spear  Conj/Erth      0%         10d2      100%        8


Dungeon Overview and Level Annotations

Branches:
Dungeon (11/15)            Temple (0/1) D:4            Lair (0/5) D:9
    Orc: D:9-12

Altars:
Ashenzari
Dithmenos
Qazlal
Uskayaw
Wu Jian
Xom
Yredelemnul
Zin
The Shining One
Jiyva

Shops:
D:1 *   D:3 (   D:4 (*(   D:11 (

Annotations:
D:8 Jeremiah
D:9 3 runed translucent doors, jasper's ghost, journeyman MDCA


Innate Abilities, Weirdness & Mutations

Your spellcasting is much less encumbered by armour.
You can use scrolls of enchantment on lesser artefacts.


Message History

The centaur hits you but does no damage.
You are lethally poisoned!
The merfolk hits you with a +0 trident.
* * * LOW HITPOINT WARNING * * *
You take 15 damage, and have 28/95 hp.
You now have 3/11 mp.
You feel better. The centaur barely misses you.
The gnoll hits you but does no damage.
The gnoll hits you from afar with a +0 spear.
The gnoll hits you but does no damage. The kobold brigand closely misses you.
The merfolk barely misses you.
The centaur hits you from afar with the +6 spear of Sloth {venom, Dex+2}!
* * * LOW HITPOINT WARNING * * *
The gnoll hits you but does no damage. The gnoll barely misses you.
The kobold brigand hits you but does no damage.
You take 1 damage, and have 27/95 hp.
You now have 2/11 mp.
As you read the scroll of fear, it crumbles to dust.
You assume a fearsome visage.
The merfolk looks frightened!
The gnoll sergeant looks frightened!
The centaur looks frightened!
The kobold brigand looks frightened!
The gnoll looks frightened! x4
The centaur yells at you, "GO AWAY!"
The centaur unwields the +6 spear of Sloth {venom, Dex+2}.
It stops dripping with poison.
The centaur wields a +0 orcbow.
The centaur shoots an arrow.
The arrow hits you!
* * * LOW HITPOINT WARNING * * *
Cornered, the gnoll turns to fight! x2
The centaur seems to regain its courage.
The gnoll throws a throwing net.
The throwing net hits you.
You become entangled in the net!
There is an open door here.
You see here a throwing net.
You take 8 damage, and have 20/95 hp.
You now have 2/11 mp.
You struggle against the net.
You feel yourself speed up.
The merfolk seems to regain its courage.
The gnoll hits you but does no damage.
The merfolk hits you from afar with a +0 trident.
* * * LOW HITPOINT WARNING * * *
The gnoll hits you but does no damage.
The merfolk hits you from afar with a +0 trident!
You die...

.....#...~≈# .....
.....#...≈≈####...###
.....#...~≈##.......#
.....'...~≈####.))###
.....#...~≈##...)g..#
.....+...~≈####.c)###
.....+...~~##...mg..#
.....#.....~###..g### .
######[..#.~~###@###~~..
.........#..............
.....#####..............
######......+..#########
#...........#.........
#...........#.........
#...........#....####
#...........#....#
#...........###..#


You could see a merfolk, a centaur and 3 gnolls.

Vanquished Creatures
  A boulder beetle (D:11)
  4 two-headed ogres
  2 komodo dragons
  A troll (D:9)
  Sigmund (D:3)
  3 yaks (D:10)
  A wraith (D:10)
  A vampire (D:9)
  4 hogs (D:7)
  A steam dragon (D:7)
  A human (D:7)
  3 vampire mosquitoes (D:11)
  Menkaure (D:4)
  2 acid dragons
  A water moccasin (D:7)
  3 orc warriors
  4 sky beasts
  4 wolves (D:9)
  5 centaurs
  2 gnoll sergeants
  2 kobold brigands
  Blork the orc (D:4)
  4 bullfrogs
  5 scorpions
  5 wights (D:6)
  10 killer bees
  2 bombardier beetles
  An electric eel (D:9)
  4 hounds
  Crazy Yiuf (D:3)
  2 jellies
  6 orc priests
  4 iguanas
  2 sleepcaps (D:7)
  12 orc wizards
  9 adders
  13 gnolls
  A shadow imp (D:6)
  2 white imps
  4 ufetubi (D:6)
  4 ribbon worms
  27 orcs
  2 ball pythons (D:1)
  3 bats
  9 endoplasms
  2 giant cockroaches
  10 goblins
  A hobgoblin (D:2)
  2 jackals (D:3)
  3 quokkas
  12 kobolds
  3 rats
213 creatures vanquished.

Notes
Turn   | Place    | Note
-------+----------+-------------------------------------------
     0 | D:1      | jasper the Mountain Dwarf Fighter began the quest for the
                  | Orb.
     0 | D:1      | Reached XP level 1. HP: 19/19 MP: 1/1
   160 | D:1      | Found Epugyop's Assorted Antiques.
   200 | D:1      | Reached skill level 3 in Axes
   332 | D:1      | Reached XP level 2. HP: 17/26 MP: 2/2
   925 | D:2      | You fall into a shaft and drop 1 floor!
   945 | D:3      | Reached skill level 4 in Axes
  1044 | D:3      | Reached XP level 3. HP: 31/31 MP: 3/3
  1067 | D:3      | Found an ornate altar of the Wu Jian Council.
  1067 | D:3      | Noticed Sigmund
  1118 | D:3      | Killed Sigmund
  1119 | D:3      | Reached skill level 7 in Axes
  1119 | D:3      | Reached XP level 4. HP: 18/38 MP: 2/4
  1119 | D:3      | Reached XP level 5. HP: 22/45 MP: 2/5
  1210 | D:3      | Became a worshipper of the Wu Jian Council
  1474 | D:3      | Found a runed translucent door.
  1475 | D:3      | Noticed Crazy Yiuf
  1839 | D:2      | Reached XP level 6. HP: 50/51 MP: 4/6
  2068 | D:2      | Reached * piety under Wu Jian
  2508 | D:3      | Found Xileyvu's Antique Weapon Emporium.
  2577 | D:3      | Found a faded altar of an unknown god.
  2895 | D:3      | Killed Crazy Yiuf
  2896 | D:3      | Reached skill level 8 in Axes
  3144 | D:4      | Found a shadowy altar of Dithmenos.
  3203 | D:4      | Found Vilujag's Antique Weapon Boutique.
  3233 | D:4      | Found Selaud's General Store.
  3241 | D:4      | Bought a potion of curing for 39 gold pieces
  3241 | D:4      | Bought a potion of curing for 39 gold pieces
  3276 | D:4      | Found Eshraxtib's Antique Weapon Boutique.
  3351 | D:4      | Found a staircase to the Ecumenical Temple.
  3367 | D:4      | Found a glowing silver altar of Zin.
  3371 | D:4      | Noticed an angel
  3375 | D:4      | Found a shimmering altar of Xom.
  3403 | D:4      | Noticed Blork the orc
  3418 | D:4      | Killed Blork the orc
  3621 | D:4      | Reached skill level 9 in Axes
  3677 | D:4      | Reached XP level 7. HP: 42/57 MP: 5/7
  4083 | D:4      | Noticed Menkaure
  4092 | D:4      | Killed Menkaure
  4438 | D:5      | Entered Level 5 of the Dungeon
  4451 | D:4      | Reached skill level 10 in Axes
  4843 | D:4      | Reached skill level 11 in Axes
  5035 | D:6      | Reached XP level 8. HP: 63/63 MP: 8/8
  5295 | D:6      | Reached ** piety under Wu Jian
  5296 | D:6      | Reached skill level 12 in Axes
  5722 | D:6      | Reached skill level 13 in Axes
  6239 | D:7      | Reached XP level 9. HP: 61/72 MP: 6/9
  6306 | D:7      | Reached skill level 5 in Fighting
  6309 | D:7      | Reached skill level 5 in Armour
  6447 | D:7      | Noticed a two-headed ogre
  6461 | D:7      | Killed a two-headed ogre
  6462 | D:7      | Reached skill level 14 in Axes
  6808 | D:7      | Reached XP level 10. HP: 39/84 MP: 6/10
  7088 | D:7      | Found a glowing golden altar of the Shining One.
  7678 | D:8      | Noticed Jeremiah
  7767 | D:5      | Reached skill level 15 in Axes
  8419 | D:8      | Reached *** piety under Wu Jian
  8718 | D:9      | Found a runed translucent gate.
  8718 | D:9      | Found a runed translucent gate.
  8718 | D:9      | Found a runed translucent gate.
  8719 | D:9      | Noticed jasper's ghost (journeyman MDCA)
  8893 | D:9      | Found a staircase to the Lair.
  9396 | D:9      | Found a viscous altar of Jiyva.
  9413 | D:9      | Found a hide-covered altar of Uskayaw.
  9545 | D:9      | Found a broken altar of Ashenzari.
  9552 | D:9      | Found a basalt altar of Yredelemnul.
  9555 | D:9      | Found a stormy altar of Qazlal.
  9615 | D:10     | Entered Level 10 of the Dungeon
  9629 | D:10     | Noticed a two-headed ogre
  9641 | D:10     | Killed a two-headed ogre
  9642 | D:10     | Reached skill level 16 in Axes
  9900 | D:10     | Noticed a two-headed ogre
  9906 | D:10     | Killed a two-headed ogre
 10101 | D:10     | Reached XP level 11. HP: 46/94 MP: 5/11
 11031 | D:11     | Noticed a two-headed ogre
 11038 | D:11     | Killed a two-headed ogre
 11093 | D:11     | Noticed a boulder beetle
 11110 | D:11     | Reached skill level 17 in Axes
 11126 | D:11     | Killed a boulder beetle
 11304 | D:11     | Found Jownol's Weapon Emporium.
 11304 | D:11     | Noticed a +0 lajatang
 11304 | D:11     | Noticed a +0 demon whip
 11394 | D:11     | Identified the +6 spear of Sloth {venom, Dex+2}
 11405 | D:11     | Slain by a merfolk

Illustrated notes

Levels and vault maps discovered:
D:1:      co_arrival_square_in_a_square_in_a_square, layout_basic, serial_shops,
          nicolae_square_shop, corner_web_ring
D:2:      layout_loops_ring, corexii_corridor_pit,
          chequers_serial_rivers_large_a
D:3:      layout_basic, nicolae_wu_jian_wuxing_cycle, serial_aquarium,
          aquarium_bridge_long_joined [aquarium_subvault_bridge,
          aquarium_subvault_wall, aquarium_subvault_bridge,
          aquarium_subvault_wall, aquarium_subvault_wall,
          aquarium_subvault_wall], aquarium_window_fake, aquarium_window_fake,
          aquarium_window_fake, aquarium_view_2a, aquarium_view_2e,
          chequers_ecumenical_altar_twisty, serial_shops, shop,
          nicolae_twisty_statue_hallways, uniq_crazy_yiuf_cottage, uniq_sigmund
D:4:      minmay_general_purpose_star, layout_basic,
          grunt_temple_overflow_order_and_chaos_1,
          nicolae_dithmenos_the_darkroom, minmay_temple_entry_statues_pillars,
          serial_shops, shop, shop, shop, uniq_menkaure, uniq_blork_the_orc
D:5:      layout_basic, grunt_decor_fettered
D:6:      layout_basic
D:7:      layout_loops_ring, mainiacjoe_overflow_surrounded_room,
          minmay_liquid_box, grunt_livestock
D:8:      layout_basic, grunt_gozag_breadcrumbs, uniq_jeremiah
D:9:      layout_basic, nicolae_uskayaw_dance_hall,
          grunt_temple_overflow_diamond, erik_lair_island, gammafunk_ghost_ooze,
          nicolae_elevator_lobby_plus
D:10:     layout_stronghold
D:11:     layout_irregular_city, ebering_ghost_gozag, serial_shops,
          nicolae_diamond_shop, nicolae_shop_tiny_waterfront, shop,
          nicolae_shop_mannequins, nicolae_shop_dealshenge, roadster_trireme

Skill      XL: |  1  2  3  4  5  6  7  8  9 10 11 |
---------------+----------------------------------+-----
Axes           | 3 4 7 9 11 13 14 16 17 | 17.2
Fighting       | 4 6 8 |  8.8
Armour         | 4 6 8 |  8.8
Shields        | |  3.2

Action                     |  1- 3 |  4- 6 |  7- 9 | 10-12 || total
---------------------------+-------+-------+-------+-------++-------
  Melee: War axe           |    59 |     9 |   163 |       ||   231
         Hand axe          |       |   110 |       |       ||   110
         Battleaxe         |       |       |   201 |   317 ||   518
  Throw: Stone             |       |     5 |     9 |     2 ||    16
Ability: Lunge             |       |    11 |    21 |    23 ||    55
         Whirlwind         |       |       |    33 |    32 ||    65
         Wall Jump         |       |       |     1 |     1 ||     2
  Evoke: Wand              |       |       |    14 |     8 ||    22
    Use: Scroll            |     6 |       |     6 |    11 ||    23
         Potion            |     1 |     3 |     3 |     1 ||     8
 Armour: Scale mail        |    32 |    46 |   291 |   130 ||   499
         Skin              |       |       |    12 |       ||    12
         Chain mail        |       |       |       |    29 ||    29
         Plate armour      |       |       |       |   130 ||   130
  Dodge: Dodged            |    30 |    33 |   142 |   123 ||   328
  Block: Buckler           |    11 |    11 |    15 |       ||    37

Table legend: (Time is in decaauts)
 A = Elapsed time spent in this place.
 B = Non-inter-level travel time spent in this place.
 C = Inter-level travel time spent in this place.
 D = Time resting spent in this place.
 E = Time spent auto-exploring this place.
 F = Levels seen in this place.
 G = Mean time per level.
                   A        B        C        D        E       F      G
               +--------+--------+--------+--------+--------+-----+--------+
         Total |  11423 |  10930 |    493 |    992 |   7974 |  11 | 1038.5 |
       Dungeon |  11423 |  10930 |    493 |    992 |   7974 |  11 | 1038.5 |
               +--------+--------+--------+--------+--------+-----+--------+

Top non-repeatable levels by time:
     D:7: 1552 daAuts
     D:4: 1532 daAuts
    D:10: 1412 daAuts
     D:3: 1218 daAuts
     D:9: 1087 daAuts
     D:6: 1018 daAuts
     D:2: 963 daAuts
     D:1: 914 daAuts
     D:5: 777 daAuts
     D:8: 569 daAuts
    D:11: 376 daAuts
